 Dungeon Crawl Stone Soup version 0.23.2-30-g0e89c35649 (webtiles) character file.

Game seed: 13994523099079450042

3245 Mrkan the Cleaver (level 9, -4/123 HPs)
             Began as a Minotaur Berserker on June 23, 2019.
             Was a High Priest of Trog.
             Killed from afar by a gargoyle (18 damage)
             ... with a stone arrow
             ... on level 8 of the Dungeon.
             The game lasted 00:15:16 (6353 turns).

Mrkan the Cleaver (Minotaur Berserker)              Turns: 6353, Time: 00:15:16

Health: -4/123     AC: 16    Str: 27    XL:     9   Next: 67%
Magic:  2/2        EV:  6    Int:  4    God:    Trog [*****.]
Gold:   393        SH: 11    Dex: 13    Spells: 8/8 levels left

rFire    . . .     SeeInvis .   O - +5 broad axe (antimagic)
rCold    . . .     Gourm    .   d - +0 shield
rNeg     . . .     Faith    .   K - +0 plate armour
rPois    .         Spirit   .   (helmet restricted)
rElec    .         Reflect  .   o - +2 cloak
rCorr    .         Harm     .   k - +0 pair of gloves
MR       +....                  B - +0 pair of boots
Stlth    ..........             (no amulet)
HPRegen  0.30/turn              b - ring of protection from magic
MPRegen  0.08/turn              (no ring)

@: berserking, very quick
A: retaliatory headbutt, horns 2
a: Berserk, Trog's Hand, Brothers in Arms, Renounce Religion


You were on level 8 of the Dungeon.
You worshipped Trog.
Trog was extremely pleased with you.
You were very hungry.

You visited 1 branch of the dungeon, and saw 8 of its levels.
You also visited: Ossuary and Bailey.

You collected 393 gold pieces.

Inventory:

Hand Weapons
 J - a +2 dire flail of protection
 O - a +5 antimagic broad axe (weapon)
Missiles
 j - 258 stones (quivered)
Armour
 d - a +0 shield (worn)
 g - a scarf of cloud immunity
 k - a +0 pair of gloves (worn)
 o - a +2 cloak (worn)
 B - a +0 pair of boots (worn)
 K - a +0 plate armour (worn)
Magical Staves
 x - an uncursed staff of wizardry
Jewellery
 b - a ring of protection from magic (left hand)
 l - an uncursed ring of magical power {unknown}
 L - a +3 ring of evasion {unknown}
Wands
 m - a wand of acid (13)
 w - a wand of digging (9)
 M - a wand of random effects (22)
 N - a wand of paralysis (6)
 P - a wand of polymorph (7)
Scrolls
 e - 2 scrolls of identify
 f - 3 scrolls of fear
 i - 2 scrolls of enchant weapon
 n - 5 scrolls of remove curse
 p - 2 scrolls of teleportation
 s - 3 scrolls of fog
 v - 3 scrolls of amnesia {unknown}
 y - a scroll of immolation
 E - 2 scrolls of torment
 F - 2 scrolls of enchant armour {unknown}
 I - a scroll of magic mapping {unknown}
Potions
 h - 2 potions of flight
 q - a potion of mutation {unknown}
 r - a potion of degeneration {unknown}
 t - 4 potions of curing
 u - 2 potions of brilliance {unknown}
 z - a potion of haste {unknown}
 A - a potion of berserk rage {unknown}
 C - 2 potions of lignification {unknown}
 D - a potion of invisibility {unknown}
 G - 3 potions of heal wounds
 H - 2 potions of might {unknown}
Comestibles
 a - 7 chunks of flesh
 c - 19 rations


   Skills:
 - Level 8.5 Fighting
 - Level 11.2 Axes
 * Level 5.0 Throwing
 - Level 2.4 Armour
 - Level 2.1 Dodging
 - Level 7.2 Shields


You had 8 spell levels left.
You didn't know any spells.
Your spell library was empty.

Dungeon Overview and Level Annotations

Branches:
Dungeon (8/15)             Temple (0/1) D:5            Lair (0/6) D:8

Altars:
Ashenzari
Dithmenos
Fedhas
Gozag
Nemelex Xobeh
Okawaru
Ru
Xom
Zin
Beogh

Shops:
D:4 ?   D:5 }   D:8 *}

Annotations:
D:5 3 runed translucent doors, straszyg's ghost, novice FoFi


Innate Abilities, Weirdness & Mutations

You reflexively headbutt those who attack you in melee.
You have a pair of horns on your head.


Message History

A gargoyle comes into view. It is wielding a +0 morningstar.
You feel sick.
You are no longer poisoned.
The gargoyle hurls a stone arrow at you.
The stone arrow hits you!
* * * LOW HITPOINT WARNING * * *
The gargoyle hurls a stone arrow at you.
The stone arrow hits you!
* * * LOW HITPOINT WARNING * * *
The gargoyle hits you but does no damage.
The gargoyle hurls a stone arrow at you.
The stone arrow hits you but does no damage.
You block the gargoyle's attack. The gargoyle completely misses you.
A red film seems to cover your vision as you go berserk!
You feel yourself moving faster!
You feel mighty!
You are feeling very hungry.
The gargoyle hurls a stone arrow at you.
The stone arrow hits you!!
You die...

# ### ..### ....###
###.# ......## .## #
##[#.# .......# #...#.
##÷.#.# #....#
#...##.)##.# ...#.# .#
#.9†)###.# #<.# .###
...###@.#.#.#
#..##....#.....###..#.##
#..#...#...##....###.).#
#.##...#......##.......#
#.##.....#........###.)#
#.##...##......(......##
..................#####
.......##.........#
................###


You could see a gargoyle.

Vanquished Creatures
  A hippogriff (D:8)
  A yak (D:7)
  3 hogs (D:7)
  A wyvern (D:8)
  A human (D:7)
  An ice beast (D:6)
  2 orc warriors (D:8)
  A sky beast (D:3)
  3 ogres
  A centaur (D:6)
  A phantom (D:4)
  Blork the orc (D:5)
  2 bullfrogs (D:7)
  2 water moccasin zombies (Ossuary)
  A scorpion (D:6)
  A howler monkey (D:5)
  3 crimson imps
  A bullfrog zombie (D:5)
  Crazy Yiuf (D:4)
  An orc priest (D:8)
  A bullfrog skeleton (D:8)
  4 hounds
  A jelly (D:8)
  4 iguanas
  4 worker ants
  4 orc wizards
  A big kobold zombie (Ossuary)
  A hound zombie (D:6)
  2 mummies (Ossuary)
  8 adders
  2 shadow imps
  3 oozes
  7 adder zombies (Ossuary)
  An adder skeleton (D:5)
  A worm (D:2)
  3 dart slugs
  7 leopard geckos
  20 orcs
  4 giant cockroaches
  3 gnoll zombies (Ossuary)
  8 goblins
  15 hobgoblins
  9 jackals
  2 quokkas
  A ball python (D:3)
  6 bats
  6 frilled lizards
  2 hobgoblin zombies (Ossuary)
  12 kobolds
  5 kobold zombies (Ossuary)
  A leopard gecko skeleton (D:5)
  3 orc zombies (Ossuary)
  A quokka skeleton (D:8)
  A quokka zombie (D:8)
  6 rats
188 creatures vanquished.

Vanquished Creatures (others)
  An adder zombie (D:8)
1 creature vanquished.

Grand Total: 189 creatures vanquished

Notes
Turn   | Place    | Note
-------+----------+-------------------------------------------
     0 | D:1      | Mrkan the Minotaur Berserker began the quest for the Orb.
     0 | D:1      | Reached XP level 1. HP: 19/19 MP: 0/0
   248 | D:1      | Reached skill level 4 in Axes
   371 | D:1      | Reached XP level 2. HP: 22/27 MP: 1/1
   992 | D:2      | Reached XP level 3. HP: 29/33 MP: 2/2
  1033 | D:2      | Reached ** piety under Trog
  1033 | D:2      | Reached skill level 5 in Axes
  1033 | D:2      | Reached skill level 1 in Shields
  1089 | D:2      | Reached XP level 4. HP: 22/41 MP: 3/3
  1346 | D:2      | Found a sparkling altar of Nemelex Xobeh.
  1675 | D:3      | Noticed a sky beast
  1687 | D:3      | Killed a sky beast
  1687 | D:3      | Reached skill level 6 in Axes
  1687 | D:3      | Reached XP level 5. HP: 47/47 MP: 4/4
  1736 | D:3      | Reached skill level 5 in Fighting
  1739 | D:3      | Reached *** piety under Trog
  1927 | D:3      | Found a sacrificial altar of Ru.
  2115 | D:3      | Reached XP level 6. HP: 45/56 MP: 5/5
  2509 | D:4      | Reached skill level 7 in Axes
  2604 | D:4      | Found Ocebu's Magic Scroll Shop.
  2969 | D:4      | Found a runed translucent door.
  2970 | D:4      | Noticed Crazy Yiuf
  3263 | D:4      | Killed Crazy Yiuf
  3263 | D:4      | Reached **** piety under Trog
  3357 | D:5      | Entered Level 5 of the Dungeon
  3357 | D:5      | Found Qoudik's Gadget Shop.
  3468 | D:5      | Found a sand-covered staircase.
  3473 | Ossuary  | Entered an ossuary
  3490 | Ossuary  | Reached XP level 7. HP: 62/62 MP: 6/6
  3614 | Ossuary  | Reached skill level 8 in Axes
  3692 | D:5      | Found a runed translucent gate.
  3692 | D:5      | Noticed straszyg's ghost (novice FoFi)
  3693 | D:5      | Found a runed translucent gate.
  3693 | D:5      | Identified the +10 hunting sling "Xegerhye" {velocity,
                  | Str+4 Stlth+}
  3693 | D:5      | Identified the cursed +1 chain mail of Weirdness {*Drain
                  | rPois Regen+ Str+6}
  3694 | D:5      | Found a roughly hewn altar of Beogh.
  3694 | D:5      | Found a runed translucent gate.
  3935 | D:5      | Found a staircase to the Ecumenical Temple.
  4017 | D:5      | Found a shimmering altar of Xom.
  4017 | D:5      | Found a shimmering altar of Xom.
  4017 | D:5      | Found a shimmering altar of Xom.
  4018 | D:5      | Found a shimmering altar of Xom.
  4018 | D:5      | Found a shimmering altar of Xom.
  4018 | D:5      | Found a shimmering altar of Xom.
  4018 | D:5      | Found a shimmering altar of Xom.
  4263 | D:5      | Noticed Blork the orc
  4269 | D:5      | Killed Blork the orc
  4269 | D:5      | Reached ***** piety under Trog
  4429 | D:5      | Reached skill level 5 in Shields
  4429 | D:5      | Reached XP level 8. HP: 71/71 MP: 7/7
  4443 | D:5      | Found an iron altar of Okawaru.
  4645 | D:6      | Reached skill level 9 in Axes
  5048 | D:6      | Found a blossoming altar of Fedhas.
  5316 | D:7      | Found a shattered altar of Ashenzari.
  5331 | D:7      | Received a gift from Trog
  5331 | D:7      | Reached skill level 10 in Axes
  5464 | D:7      | Found a flagged portal.
  5473 | Bailey   | Entered a bailey
  5595 | D:7      | Reached XP level 9. HP: 69/81 MP: 2/8
  5600 | D:7      | Reached skill level 11 in Axes
  5772 | D:7      | Found a shadowy altar of Dithmenos.
  5888 | D:7      | Found a glowing silver altar of Zin.
  6128 | D:8      | Found Dugraili's Gadget Boutique.
  6129 | D:8      | Found an opulent altar of Gozag.
  6130 | D:8      | Found a staircase to the Lair.
  6219 | D:8      | Found Kasiluas's Demolitions Depot.
  6317 | D:8      | Reached skill level 5 in Throwing
  6340 | D:8      | Noticed a gargoyle
  6353 | D:8      | Killed from afar by a gargoyle

Skill      XL: |  1  2  3  4  5  6  7  8  9 |
---------------+----------------------------+-----
Axes           | 4 5 6 7 8 10 11 | 11.2
Fighting       | 4 5 6 8 |  8.5
Shields        | 1 2 3 5 6 7 |  7.2
Throwing       | 5 |  5.0
Armour         | |  2.4
Dodging        | |  2.1

Action                   |  1- 3 |  4- 6 |  7- 9 || total
-------------------------+-------+-------+-------++-------
Melee: Hand axe          |    81 |    96 |       ||   177
       Headbutt          |     6 |    28 |    60 ||    94
       War axe           |       |    71 |   173 ||   244
       Broad axe         |       |       |    62 ||    62
Invok: Berserk           |     1 |     1 |     2 ||     4
  Use: Scroll            |       |     8 |     5 ||    13
       Potion            |       |     2 |       ||     2
 Stab: Paralysed         |       |     1 |       ||     1
  Eat: Chunk             |     2 |     8 |     7 ||    17
       Ration            |       |       |     1 ||     1
Armor: Animal skin       |     3 |       |       ||     3
       Scale mail        |    22 |     9 |       ||    31
       Chain mail        |       |    63 |    42 ||   105
       Plate armour      |       |       |    83 ||    83
Dodge: Dodged            |    41 |    55 |    50 ||   146
Block: Shield            |     5 |    79 |   114 ||   198
